 Dungeon Crawl Stone Soup version 0.29.1-2-gbd0b4ee654 (webtiles) character file.

Game seed: 15176173051460619632

4736 mcbry74 the Cleaver (level 10, 0/88 HPs)
             Began as a Minotaur Berserker on Nov 9, 2022.
             Was an Elder of Trog.
             Slain by a boulder beetle (24 damage)
             ... on level 8 of the Dungeon.
             The game lasted 00:30:18 (8220 turns).

mcbry74 the Cleaver (Minotaur Berserker)            Turns: 8220, Time: 00:30:19

Health: 0/88       AC:  8    Str: 24    XL:     10   Next: 22%
Magic:  9/9        EV: 11    Int:  6    God:    Trog [****..]
Gold:   35         SH:  0    Dex: 10    Spells: 9/9 levels left

rFire   . . .      SeeInvis .   C - +2 war axe (elec)
rCold   . . .      Faith    .   l - orb {light}
rNeg    + . .      Spirit   .   w - +0 ring mail {rPois}
rPois   +          Reflect  .   (helmet restricted)
rElec   .          Harm     .   h - +0 cloak
rCorr   .          Rampage  .   (no gloves)
Will    +....                   (no boots)
Stlth   ..........              (no amulet)
HPRegen 0.24/turn               y - ring of positive energy
MPRegen 0.11/turn               G - ring of willpower

@: about to teleport, glowing
A: horns 2, retaliatory headbutt
a: Renounce Religion, Berserk, Trog's Hand, Brothers in Arms


You were on level 8 of the Dungeon.
You worshipped Trog.
Trog was greatly pleased with you.
You visited 1 branch of the dungeon, and saw 9 of its levels.

You collected 462 gold pieces.
You spent 427 gold pieces at shops.

Inventory:

Hand Weapons
 a - a +0 hand axe
 d - a +3 shortbow
 j - a +2 spear of flaming
 q - a +0 sling
 C - a +2 war axe of electrocution (weapon)
 W - a +0 vorpal battleaxe
 X - a +5 dire flail of freezing
Missiles
 n - 19 poisoned darts
 K - 2 curare-tipped darts (quivered)
 L - 6 javelins
 N - a throwing net
Armour
 b - a +0 animal skin
 h - a +0 cloak (worn)
 k - a +0 ring mail
 l - an orb of light (worn)
 w - a +0 ring mail of poison resistance (worn)
 S - a +2 leather armour of willpower
Jewellery
 i - a ring of resist corrosion
 y - a ring of positive energy (left hand)
 G - a ring of willpower (right hand)
 H - a ring of positive energy
 I - a ring of flight
 V - a ring of ice
Wands
 u - a wand of roots (6)
 A - a wand of quicksilver (19)
 F - a wand of mindburst (12)
 J - a wand of flame (11)
 U - a wand of paralysis (10)
Scrolls
 c - a scroll of magic mapping
 f - 2 scrolls of teleportation
 o - a scroll of blinking {unknown}
 r - 4 scrolls of enchant armour
 s - a scroll of brand weapon {unknown}
 v - 2 scrolls of butterflies
 z - a scroll of acquirement {unknown}
 Q - a scroll of torment {unknown}
 R - a scroll of fear
 T - 2 scrolls of identify
Potions
 e - 2 potions of flight {unknown}
 g - 2 potions of might {unknown}
 m - 2 potions of curing
 p - 3 potions of mutation {unknown}
 t - 2 potions of berserk rage {unknown}
 x - a potion of degeneration {unknown}
 B - a potion of brilliance {unknown}
 D - 2 potions of lignification
 E - 2 potions of resistance
 M - a potion of cancellation
 O - a potion of heal wounds {unknown}
 P - a potion of magic {unknown}


   Skills:
 - Level 8.0 Fighting
 * Level 12.1(12.2) Axes
 - Level 2.1(8.1) Polearms
 - Level 2.4 Ranged Weapons
 + Level 6.3 Throwing
 - Level 8.0 Armour
 - Level 3.0 Dodging


You had 9 spell levels left.
You didn't know any spells.
Your spell library contained the following spells:

 Spells                   Type           Power      Damage    Failure   Level
 Static Discharge         Conj/Air       0%         3-3/arc   73%         2
 Confusing Touch          Hex            0%         N/A       91%         3
 Dazzling Flash           Conj/Hex       0%         N/A       91%         3
 Animate Armour           Summ/Erth      0%         N/A       100%        4
 Dispel Undead            Necr           0%         3d6       100%        4
 Iskenderun's Mystic Bla  Conj/Tloc      0%         2d3       100%        4
 Sticky Flame             Conj/Fire      0%         2d3       100%        4
 Blade Hands              Tmut           0%         N/A       100%        5
 Yara's Violent Unravell  Hex/Tmut       0%         3d3       100%        5
 Iron Shot                Conj/Erth      0%         9d1       100%        6
 Starburst                Conj/Fire      0%         6d3       100%        6
 Enfeeble                 Hex            0%         N/A       100%        7


Dungeon Overview and Level Annotations

Branches:
Dungeon (9/15)             Temple (0/1) D:7
   Lair: D:8-11         Orc: D:9-12

Altars:
Ashenzari
Fedhas
Hepliaklqana
Vehumet
Yredelemnul

Shops:
D:6 *   D:7 *

Annotations:
D:8 2 transporters
D:9 Maurice


Innate Abilities, Weirdness & Mutations

You have a pair of horns on your head.
You reflexively headbutt those who attack you in melee.


Message History

Level annotation: Maurice The centaur warrior shoots an arrow.
The arrow hits you!
The centaur warrior shoots an arrow.
The arrow barely misses you.
There is a stone staircase leading up, spattered with blood here.
The boulder beetle bites you but does no damage.
You climb upwards.
Level annotation: 2 transporters
There is a stone staircase leading down, spattered with blood here.
You hit the boulder beetle.
You headbutt the boulder beetle, but do no damage.
The boulder beetle is lightly wounded.
You hit the boulder beetle.
The boulder beetle is lightly wounded.
The boulder beetle bites you!
You hit the boulder beetle but do no damage.
You headbutt the boulder beetle, but do no damage.
The boulder beetle is lightly wounded.
The boulder beetle bites you!!
You hit the boulder beetle.
You headbutt the boulder beetle, but do no damage.
The boulder beetle is lightly wounded.
The boulder beetle barely misses you.
You hit the boulder beetle. You headbutt the boulder beetle.
The boulder beetle is lightly wounded.
The boulder beetle leaps!
As you read the scroll of teleportation, it crumbles to dust.
You feel strangely unstable.
The boulder beetle leaps!
The boulder beetle curls into a ball and begins rolling!
There is a stone staircase leading down, spattered with blood here.
Items here: ) [[ ÷.
Your surroundings seem slightly different.
The boulder beetle hits you.
The boulder beetle stops rolling and uncurls.
As you read the scroll of teleportation, it crumbles to dust.
You feel strangely unstable. The boulder beetle bites you!
* * * LOW HITPOINT WARNING * * *
The boulder beetle attacks as you move away!
The boulder beetle bites you!!
You die...

........#.............#
..##...###...##.......#
..##...###...###########
........#....#.........#
..##....#....#.........#
..##....#....#.........#
........#....#.........#
..##.(.#######.........#
..###+##........@.÷....#
.......#......).B..>[..#
.......#......########.#
.......#......# #.##
########......# #..#
........#'##### ##.#
........#.....# ###.#
........#...### #...#
........#...#########...#


You could see a boulder beetle.

Vanquished Creatures
  A two-headed ogre (D:8)
  An ugly thing (D:8)
  The ghost of Firos the Changer, a novice OpTm of Cheibriados (D:6)
  4 steam dragons
  Edmund (D:6)
  A water moccasin (D:7)
  5 black bears
  2 orc warriors (D:8)
  A sky beast (D:7)
  2 ice beasts
  3 ogres
  A centaur (D:8)
  A kobold brigand (D:6)
  A gnoll sergeant (D:7)
  2 necrophages
  2 scorpions
  A wight (D:8)
  6 killer bees (D:7)
  3 howler monkeys
  3 hounds
  2 orc priests
  3 iguanas
  Natasha (twice) (D:2)
  4 orc wizards
  6 gnolls
  4 adders
  3 white imps
  2 ufetubi
  2 worms
  4 dart slugs
  27 orcs
  8 ball pythons
  A bat (D:1)
  6 endoplasms
  2 giant cockroaches (D:4)
  11 goblins
  7 hobgoblins
  3 jackals (D:5)
  4 quokkas
  3 frilled lizards
  10 kobolds
  2 rats (D:1)
158 creatures vanquished.

Notes
Turn   | Place    | Note
-------+----------+-------------------------------------------
     0 | D:1      | mcbry74 the Minotaur Berserker began the quest for the Orb.
     0 | D:1      | Reached XP level 1. HP: 19/19 MP: 0/0
   313 | D:1      | Reached XP level 2. HP: 18/27 MP: 1/1
   314 | D:1      | Reached skill level 4 in Axes
   525 | D:1      | Found a faded altar of an unknown god.
   914 | D:1      | Reached XP level 3. HP: 33/33 MP: 2/2
  1276 | D:2      | Reached ** piety under Trog
  1400 | D:2      | Noticed Natasha
  1403 | D:2      | Killed Natasha
  1404 | D:2      | Reached XP level 4. HP: 36/40 MP: 3/3
  1455 | D:2      | Noticed Natasha
  1462 | D:2      | Killed Natasha
  1463 | D:2      | Reached skill level 5 in Axes
  1622 | D:2      | Reached skill level 1 in Polearms
  1817 | D:3      | Reached XP level 5. HP: 47/47 MP: 4/4
  2585 | D:4      | Reached skill level 1 in Throwing
  2600 | D:4      | Reached XP level 6. HP: 53/53 MP: 5/5
  2836 | D:4      | Reached skill level 6 in Axes
  3028 | D:4      | Reached *** piety under Trog
  3103 | D:5      | Entered Level 5 of the Dungeon
  3210 | D:5      | Reached skill level 5 in Fighting
  3380 | D:5      | Found a broken altar of Ashenzari.
  3466 | D:5      | Reached XP level 7. HP: 58/61 MP: 6/6
  3724 | D:5      | Reached skill level 7 in Axes
  4145 | D:6      | Found a transporter.
  4146 | D:6      | Noticed Firos's ghost (novice OpTm)
  4179 | D:6      | Found a transporter.
  4187 | D:6      | Reached skill level 5 in Armour
  4193 | D:6      | Killed Firos's ghost
  4194 | D:6      | Reached skill level 8 in Axes
  4194 | D:6      | Reached XP level 8. HP: 71/71 MP: 7/7
  4223 | D:6      | Noticed Edmund
  4252 | D:6      | Killed Edmund
  4699 | D:6      | Reached skill level 9 in Axes
  4776 | D:6      | Found a blossoming altar of Fedhas.
  4777 | D:6      | Found a hazy altar of Hepliaklqana.
  4779 | D:6      | Found Yfoan's General Store.
  4780 | D:6      | Found a basalt altar of Yredelemnul.
  4789 | D:6      | Bought 6 javelins for 57 gold pieces
  4789 | D:6      | Bought a potion of cancellation for 96 gold pieces
  4789 | D:6      | Bought a throwing net for 36 gold pieces
  5132 | D:7      | Reached XP level 9. HP: 46/79 MP: 8/8
  5381 | D:7      | Reached **** piety under Trog
  5402 | D:7      | Reached skill level 10 in Axes
  5600 | D:7      | Reached skill level 5 in Throwing
  6071 | D:7      | Found a staircase to the Ecumenical Temple.
  6521 | D:7      | Found Kifud's General Store.
  6525 | D:7      | Bought a scroll of fear for 56 gold pieces
  6525 | D:7      | Bought a potion of resistance for 140 gold pieces
  6525 | D:7      | Bought a scroll of teleportation for 42 gold pieces
  6831 | D:8      | Noticed a two-headed ogre
  6859 | D:8      | Killed a two-headed ogre
  6860 | D:8      | Reached skill level 11 in Axes
  7094 | D:8      | Found a radiant altar of Vehumet.
  7210 | D:8      | Reached skill level 1 in Ranged Weapons
  7210 | D:8      | Reached XP level 10. HP: 88/88 MP: 9/9
  7394 | D:8      | Found a transporter.
  7395 | D:8      | Found a transporter.
  7397 | D:8      | Found a transporter.
  7516 | D:8      | Found a transporter.
  7832 | D:9      | Noticed Maurice
  7833 | D:9      | Noticed a red ugly thing
  8009 | D:9      | Noticed a centaur warrior
  8022 | D:8      | Killed a red ugly thing
  8023 | D:8      | Reached skill level 12 in Axes
  8206 | D:9      | Noticed a boulder beetle
  8220 | D:8      | Slain by a boulder beetle

Illustrated notes

Levels and vault maps discovered:
D:1:      dpeg_arrival_lava_temple_mockup, layout_basic,
          ebering_ecumenical_altar_webs, kennysheep_small_spiral,
          minmay_surrounded
D:2:      layout_loops_ring, uniq_natasha
D:3:      cheibrodos_pilgrimage, layout_loops_ring
D:4:      layout_basic
D:5:      layout_cave_pods, nicolae_ashenzari_skybound
D:6:      layout_basic, chequers_temple_overflow_statue_of_worship,
          serial_shops, shop, gammafunk_ghost_arena, minmay_stone_trees_small,
          uniq_edmund
D:7:      layout_loops_ring, minmay_temple_entry_offerings, serial_shops, shop,
          minmay_increasing_density
D:8:      layout_gridville, mainiacjoe_overflow_surrounded_room,
          nicolae_diode_quadrants
D:9:      minmay_bloctagon_deflated, layout_rooms, uniq_amaemon, uniq_pikel,
          uniq_maurice

Skill      XL: |  1  2  3  4  5  6  7  8  9 10 |
---------------+-------------------------------+-----
Axes           | 4 5 6 8 9 11 12 | 12.1
Fighting       | 4 5 6 7 8 |  8.0
Armour         | 3 4 5 6 8 |  8.0
Dodging        | 3 |  3.0
Polearms       | 1 2 |  2.1
Throwing       | 1 2 3 4 5 6 |  6.3
Ranged Weapons | 1 2 |  2.4

Action                   |  1- 3 |  4- 6 |  7- 9 | 10-12 || total
-------------------------+-------+-------+-------+-------++-------
Melee: Hand axe          |    24 |       |       |       ||    24
       Spear             |    36 |    96 |    79 |    12 ||   223
       Headbutt          |     4 |    18 |    22 |    12 ||    56
       War axe           |       |    20 |    77 |    24 ||   121
 Fire: Shortbow          |       |       |       |    13 ||    13
Throw: Dart              |       |    11 |    67 |     1 ||    79
Invok: Berserk           |       |       |       |     1 ||     1
       Trog's Hand       |       |       |       |     1 ||     1
  Use: Scroll            |       |       |     7 |     2 ||     9
       Potion            |       |       |     2 |       ||     2
Armor: Animal skin       |     2 |       |       |       ||     2
       Ring mail         |     1 |    18 |    25 |    16 ||    60
       Skin              |       |       |    25 |       ||    25
Dodge: Dodged            |    29 |    34 |    58 |    25 ||   146
